Map: Torches LE

Players

Sindyr

  • Race: Terran Terran
  • League: Master
  • Spawn Location: 5:00

Hof - Winner!

  • Race: Zerg Zerg
  • League: Master
  • Spawn Location: 1:00

VOD

Have the link to the VOD?

Description

Time

  • Played on: Sept. 11, 2025, 6:26 p.m.
  • Length: 10:40
Show
View Real Time Build Order
Export as new Build Order

Sindyr Terran 

Build Orders:  

Get SALT Encoding   

  12  0:02  SCV  
  14  0:14  SCV  
  14  0:17  Supply Depot  
  14  0:26  SCV  
  15  0:39  SCV  
  15  0:41  Barracks  
  16  0:50  Refinery  
  16  0:51  SCV  
  17  1:03  SCV  
  18  1:15  SCV  
  19  1:31  Command Center  
  19  1:38  Supply Depot  
  19  1:42  Barracks Tech Lab  
  19  1:53  Orbital Command  
  19  2:05  Stimpack  
  19  2:15  Barracks  
  19  2:26  SCV  
  20  2:38  SCV  
  21  2:46  Engineering Bay  
  21  2:50  Engineering Bay, SCV  
  22  2:53  Orbital Command  
  22  3:02  SCV  
  23  3:06  Barracks Reactor  
  23  3:11  Factory  
  23  3:14  Refinery, SCV  
  23  3:18  SCV  
  25  3:26  SCV  
  26  3:30  SCV  
  27  3:39  SCV  
  27  3:45  Combat Shield  
  27  3:50  SCV  
  27  3:51  SCV  
  29  4:02  SCV  
  30  4:03  SCV, Supply Depot  
  30  4:06  Terran Infantry Weapons Level 1  
  30  4:07  Supply Depot  
  31  4:14  SCV  
  31  4:15  SCV  
  33  4:19  Terran Infantry Armor Level 1  
  33  4:22  Factory Tech Lab  
  33  4:25  Marine x3  
  33  4:26  SCV  
  33  4:27  SCV  
  38  4:38  Refinery x2, SCV  
  38  4:39  SCV  
  38  4:43  Marine x2  
  38  4:44  Marauder  
  44  4:46  Barracks  
  44  4:50  Siege Tank, SCV  
  44  4:51  SCV  
  49  5:02  SCV  
  49  5:03  SCV  
  49  5:04  Marine x2  
  49  5:05  Marine  
  54  5:15  SCV  
  55  5:21  Command Center  
  55  5:22  Marine x3  
  58  5:37  Starport  
  58  5:39  Marine  
  58  5:42  Barracks  
  59  5:44  Supply Depot  
  59  5:50  Missile Turret  
  59  5:53  Starport, Missile Turret  
  59  6:05  Barracks Tech Lab  
  59  6:31  Barracks  
  59  6:37  Starport Reactor  
  59  6:39  Siege Tank, Armory  
  62  6:51  Starport Tech Lab  
  62  6:54  Supply Depot  
  62  7:02  SCV  
  63  7:13  Marine  
  63  7:14  Marine, SCV, Marauder x2  
  70  7:17  Medivac x3  
  76  7:26  SCV  
  71  7:31  Marine x2  
  71  7:36  Marauder x2  
  70  7:38  SCV  
  70  7:41  Missile Turret x2  
  71  7:45  Missile Turret  
  71  7:47  Medivac x2  
  71  7:48  Missile Turret  
  71  7:49  Marine  
  71  7:50  Missile Turret, SCV  
  77  7:57  Marauder x2  
  81  7:59  Barracks Tech Lab, Barracks Reactor  
  81  8:01  Terran Infantry Weapons Level 2, Terran Infantry Armor Level 2  
  81  8:03  Command Center  
  81  8:08  SCV x2  
  82  8:20  SCV x2  
  84  8:32  SCV  
  84  8:33  SCV  
  81  8:45  SCV  
  77  8:53  Viking x3  
  83  8:56  Marine x2  
  83  8:58  Marine  
  83  9:02  SCV x2  
  88  9:17  Supply Depot  
  88  9:19  Supply Depot  
  88  9:20  Supply Depot  
  88  9:21  Supply Depot  
  88  9:23  Supply Depot  
  85  9:40  Viking x3  
  91  9:53  Marine x7  
  98  10:07  Command Center  
  98  10:11  Marine x4  
  98  10:12  Marauder x3  
Show
View Real Time Build Order
Export as new Build Order

Hof Zerg - Winner!

Build Orders: Hatch First, Lurkers 

Get SALT Encoding   

  12  0:00  Drone  
  13  0:12  Overlord  
  13  0:19  Drone  
  14  0:23  Extractor, Drone  
  15  0:42  Drone  
  16  0:50  Hatchery  
  15  0:58  Drone  
  16  1:05  Spawning Pool  
  16  1:09  Drone  
  16  1:13  Drone  
  16  1:16  Drone  
  18  1:23  Overlord  
  18  1:28  Extractor  
  17  1:51  Queen  
  19  1:54  Drone x3  
  22  2:02  Overlord  
  22  2:25  Queen  
  22  2:26  Hatchery  
  23  2:36  Queen  
  25  2:47  Drone x3  
  25  2:49  Drone  
  29  2:58  Overlord  
  29  3:07  Queen  
  29  3:12  Zergling x4  
  33  3:22  Lair  
  33  3:25  Extractor  
  33  3:26  Drone x2  
  35  3:27  Drone  
  35  3:40  Drone x4  
  39  3:46  Queen  
  41  3:54  Drone x3  
  44  4:12  Queen  
  44  4:13  Drone x4  
  50  4:17  Extractor  
  50  4:18  Extractor  
  50  4:23  Spire  
  47  4:26  Drone  
  48  4:52  Drone x2  
  50  4:53  Drone x4  
  50  4:54  Overlord x2  
  50  4:55  Overlord  
  54  5:06  Overlord  
  54  5:07  Overlord x2  
  54  5:09  Overseer  
  54  5:28  Drone x3  
  54  5:29  Drone x5, Extractor  
  54  5:30  Drone x2  
  63  5:43  Zerg Flyer Weapons Level 1  
  63  5:46  Drone  
  63  5:47  Drone, Infestation Pit  
  64  5:51  Drone x4  
  64  5:55  Drone x3, Extractor  
  70  6:26  Mutalisk  
  70  6:27  Mutalisk x9, Hydralisk Den  
  89  7:07  Grooved Spines  
  89  7:11  Hydralisk  
  89  7:12  Hydralisk x7  
  105  7:46  Overlord x5  
  105  7:47  Overlord  
  105  7:51  Zerg Flyer Weapons Level 2  
  105  8:00  Lurker Den  
  104  8:48  Hydralisk x9, Corruptor x7  
  108  8:49  Corruptor  
  138  9:07  Lurker x2  
  138  9:08  Lurker x3  
  141  10:01  Hatchery  
  141  10:05  Extractor  
  139  10:07  Hydralisk x5, Mutalisk x2  
  139  10:08  Hydralisk, Extractor  
  139  10:09  Overlord x3  
  139  10:10  Overlord x4  
  139  10:11  Hatchery  
  139  10:12  Extractor  
Tags
 
Composition
Lurkers
Matchup
TvZ
Replay Pack
Multiplayer
Spawn Locations
Close Positions
Add a new tag
Caveats
  • Supply blocks, unpowered buildings, or Contaminate may cause inaccurate times.
  • Supply counts are checked every 10 seconds.